[Event "Late-Titled-Tuesday-Blitz-October-17-2023"]
[Site "Chess.com"]
[Date "2023.10.17"]
[Round "3"]
[White "Binary010"]
[Black "Polish_fighter3000"]
[Result "0-1"]
[WhiteElo "2807"]
[BlackElo "3056"]
[TimeControl "180+1"]
[EndTime "14:29:30 PDT"]
[Termination "Polish_fighter3000 won on time"]

1. e4 c6 2. d4 d5 3. e5 c5 4. Nf3 cxd4 5. Qxd4 Nc6 6. Qf4 g6 7. Nc3 Bh6 8. Qh4 Bxc1 9. Rxc1 d4 10. Rd1 Qa5 11.
Nxd4 Qxe5+ 12. Be2 Bd7 13. O-O Nxd4 14. Qxd4 Qxd4 15. Rxd4 Rc8 16. Rfd1 Nf6 17. g4 h6 18. h4 g5 19. hxg5 hxg5 20. Bf3 b6 21. Nd5 Nxd5 22. Rxd5 Be6 23. Rxg5 Rxc2 24. Be4 Rc7 25. Kg2 Bxa2 26.
Kg3 f6 27. Rh5 Rg8 28. f3 Bf7 29. Rh7 a5 30. Bd3 Rc5 31. Kf4 b5 32. Bf5 e6 33.
Be4 a4 34. Rd6 Rc7 35. Rxe6+ Bxe6 36. Rxc7 Rg5 37. Rb7 Rc5 38. Ke3 Bd7 39. Kd4 Rc4+ 40. Kd3 Rb4 41. Kc3 Rb3+ 42. Kc2 Kd8 43. Rb6 Ke7 44.
Bd5 Re3 45. Kd2 Re5 46. Be4 Bxg4 47. Rb7+ Kf8 48. fxg4 Rxe4 49. Rxb5 Rxg4 50. Ke3 Rg3+ 51. Kf4 Rb3 52. Ra5 Rb4+ 53. Kf5 Ke7 54. Ra7+ Kd6 55. Kxf6 Kd5 56. Kf5 Kc4 57. Ke4 Kb3+ 58. Kd3 Kxb2 59.
Rh7 a3 60. Rh2+ Kb3 61. Rh1 a2 0-1

[Event "Late-Titled-Tuesday-Blitz-October-17-2023"]
[Site "Chess.com"]
[Date "2023.10.17"]
[Round "3"]
[White "cthulhuuu"]
[Black "Maksimus1998"]
[Result "0-1"]
[WhiteElo "2411"]
[BlackElo "2617"]
[TimeControl "180+1"]
[EndTime "14:29:31 PDT"]
[Termination "Maksimus1998 won on time"]

1. e4 c5 2. Nf3 a6 3. g3 b5 4. Bg2 Bb7 5. d3 d6 6. O-O Nf6 7. Re1 e6 8. c3 Be7 9. d4 O-O 10. e5 dxe5 11. dxe5 Qxd1 12. Rxd1 Nd5 13. Nbd2 Nc6 14. Ne4 Rfd8 15. Bg5 f6 16. exf6 gxf6 17.
Bh3 Kf7 18. Bxf6 Bxf6 19. Nxc5 Bc8 20. Rd2 Be7 21. Ne4 h6 22. Re1 Nf6 23. Rde2 Nxe4 24.
Rxe4 Rd6 25. Bg2 Bb7 26. h4 Re8 27. g4 Bf6 28. g5 hxg5 29. hxg5 Bg7 30. Bh3 Nd8 31.
Rf4+ Kg8 32. Nh4 Rf8 33. Rg4 Bf3 34. Rg3 Bd5 35. Ng6 Re8 36. Nf4 Bc6 37. Bg4 e5 38.
Nh5 Nf7 39. Nf6+ Bxf6 40. gxf6 Kf8 41. Bh5 Rxf6 42. Be2 e4 43. Bf1 Ne5 44. Bh3 Nf3+ 45. Kf1 Nxe1 46. Kxe1 e3 47. fxe3 Rf3 48. Rxf3+ Bxf3 49. Kf2 Bd5 50. Bd7 Re7 0-1

[Event "Late-Titled-Tuesday-Blitz-October-17-2023"]
[Site "Chess.com"]
[Date "2023.10.17"]
[Round "3"]
[White "ElenGajger"]
[Black "Goryachkina"]
[Result "1-0"]
[WhiteElo "2376"]
[BlackElo "2637"]
[TimeControl "180+1"]
[EndTime "14:29:32 PDT"]
[Termination "ElenGajger won on time"]

1. e4 e6 2. d4 d5 3. Nc3 Nf6 4.
Bg5 dxe4 5. Nxe4 Be7 6. Bxf6 gxf6 7. Nf3 a6 8. g3 f5 9. Nc3 b5 10. Bg2 Bb7 11. O-O O-O 12. Ne5 Bxg2 13. Kxg2 b4 14. Na4 Qd5+ 15. Qf3 Rd8 16. Rfd1 Qxf3+ 17. Kxf3 f6 18. Nc4 Nc6 19. c3 Kf7 20. Re1 Rab8 21. Re2 bxc3 22. bxc3 Rd7 23. Rae1 Nd8 24. Nab2 c5 25.
Rd1 cxd4 26. cxd4 Nc6 27. Red2 Rbd8 28. Ke3 Nxd4 29. Nb6 Nc2+ 30. Ke2 Rxd2+ 31. Rxd2 Rxd2+ 32. Kxd2 Nb4 33. a4 Bc5 34. Na8 Bxf2 35. Nc7 Bb6 36. Na8 Bd8 37. Nc4 e5 38. Nab6 Bxb6 39. Nxb6 Ke6 40. Nc4 Nc6 41. Kc3 h5 42. Ne3 f4 43.
gxf4 exf4 44. Nf1 Kf5 45. Kd3 Ne5+ 46. Ke2 Ng4 47. h3 Ne5 48. Nd2 Nd7 49. Nb3 Ke4 50. Nd2+ Ke5 51. Nf3+ 1-0

[Event "Late-Titled-Tuesday-Blitz-October-17-2023"]
[Site "Chess.com"]
[Date "2023.10.17"]
[Round "3"]
[White "ural58"]
[Black "sergiochess83"]
[Result "0-1"]
[WhiteElo "2509"]
[BlackElo "2849"]
[TimeControl "180+1"]
[EndTime "14:29:32 PDT"]
[Termination "sergiochess83 won by resignation"]

1. e4 e6 2. d4 d5 3. Nc3 Nf6 4. Bg5 h6 5. Bxf6 Qxf6 6. exd5 Bb4 7. Bb5+ Bd7 8. Bxd7+ Nxd7 9. dxe6 Qxe6+ 10. Ne2 Bxc3+ 11. bxc3 O-O 12. O-O Nb6 13. Nf4 Qc6 14. Qd3 Na4 15. Ne2 Rfe8 16. Rfe1 Nb2 17. Qf3 Qxf3 18. gxf3 Nc4 19.
Ng3 Kf8 20. Kg2 b6 21. f4 Na3 22. Rxe8+ Rxe8 23. Rc1 Nb5 24. a4 Nxc3 25. a5 b5 26. Kf3 b4 27. Nf5 Re6 28. Ne3 Rd6 29. d5 Nxd5 30. Rb1 Nxe3 31. fxe3 c5 32. c3 bxc3 33. Rc1 Rd3 34. Ke4 c4 35. a6 g6 36. h4 h5 37. f5 gxf5+ 38. Kf4 Kg7 39. Rg1+ Kf6 40. Rc1 Ke6 41. Rc2 f6 42. Rc1 Rd6 43. Rxc3 Rc6 44. e4 fxe4 45. Kxe4 f5+ 46. Kd4 Kf6 47.
Kd5 Rc8 48. Kd6 f4 49. Kd7 Rc5 50. Kd6 Ra5 51. Rxc4 Rxa6+ 52. Kc5 Kf5 53. Kd4 Kg4 54. Kd3 Kg3 55. Rc5 Re6 56. Rxh5 f3 57. Rf5 f2 58. h5 Re1 0-1

[Event "Late-Titled-Tuesday-Blitz-October-17-2023"]
[Site "Chess.com"]
[Date "2023.10.17"]
[Round "3"]
[White "Artyom_ChessMate"]
[Black "Alex_Sahakyan2006"]
[Result "1-0"]
[WhiteElo "2528"]
[BlackElo "2763"]
[TimeControl "180+1"]
[EndTime "14:29:32 PDT"]
[Termination "Artyom_ChessMate won by checkmate"]

1. e4 Nc6 2. Nf3 d6 3. d4 Nf6 4.
Nc3 g6 5. Be3 Bg7 6. Qd2 Ng4 7.
Bg5 h6 8. Bh4 O-O 9. h3 Nf6 10. g4 a6 11. Bg2 b5 12. a3 Rb8 13.
O-O b4 14. axb4 Rxb4 15. b3 h5 16. Nd5 Nxd5 17. exd5 hxg4 18. hxg4 Rxd4 19. Nxd4 Nxd4 20. Rae1 Re8 21. Re4 c5 22. dxc6 Nxc6 23. Rfe1 d5 24. Ra4 Be6 25. Rxa6 Qc8 26. Ra4 d4 27. Qd3 Bxg4 28.
Rc4 Bd7 29. Rxe7 Qa6 30. Rxe8+ Bxe8 31. Qe4 Qa1+ 32. Kh2 Ne5 33. Rc8 Kf8 34. Bg3 Qa6 35. Rxe8+ Kxe8 36. Bxe5 Bxe5+ 37. Qxe5+ Kf8 38. Qxd4 Kg8 39. Qd8+ Kg7 40. Qd4+ Kg8 41. Qf4 Qe2 42. b4 Qxc2 43. b5 Qb2 44. Bf1 Qb3 45. Kg2 Qd5+ 46. Qf3 Qg5+ 47. Qg3 Qd5+ 48. Kg1 Qc5 49. Qe3 Qc2 50. b6 Qc6 51. Bg2 Qb5 52. b7 Kh7 53. Qh3+ Kg7 54. Qg3 Qb1+ 55. Kh2 Qb2 56. b8=Q Qf6 57.
Qbe5 Kg8 58. Qxf6 Kh7 59. Qxf7+ Kh8 60. Qh3# 1-0

[Event "Late-Titled-Tuesday-Blitz-October-17-2023"]
[Site "Chess.com"]
[Date "2023.10.17"]
[Round "3"]
[White "Gentlejimmy7"]
[Black "Makswolf200817"]
[Result "0-1"]
[WhiteElo "2489"]
[BlackElo "2675"]
[TimeControl "180+1"]
[EndTime "14:29:32 PDT"]
[Termination "Makswolf200817 won on time"]

1. c4 e6 2. b3 d5 3. Bb2 d4 4. Nf3 c5 5. e3 Nc6 6. exd4 cxd4 7. d3 Nf6 8. g3 Bd6 9. Bg2 e5 10. O-O O-O 11. Nbd2 Bf5 12. Qe2 h6 13. a3 a5 14.
Rac1 Qe7 15. Rfe1 Rfe8 16. Nh4 Bh7 17. Ne4 Bxe4 18. Bxe4 Bxa3 19. Nf5 Qb4 20. Bxa3 Qxa3 21. Ra1 Qf8 22. Qf3 Nxe4 23. Qxe4 g6 24. Nh4 Kg7 25. Ra4 Re6 26. Rea1 Ra6 27. Qd5 Qd6 28. Qb5 Qe7 29. Re1 Nb4 30. c5 Qe8 31. Rxb4 axb4 32. Qxb7 Rac6 33.
Qxb4 Qc8 34. Rc1 Qa6 35. Qc4 Qxc4 36. Rxc4 e4 37. Rxd4 Rxc5 38. Rxe4 Rxe4 39. dxe4 Rb5 40. Kg2 Rxb3 41. Nf3 f6 42. Nd2 Rd3 43. Nf1 g5 44. Ne3 Kg6 45. g4 h5 46. h3 Rd4 47.
Kf3 Ra4 48. Nf5 Ra3+ 49. Ne3 Rb3 50. Kg3 hxg4 51. hxg4 Kf7 52. Kf3 Ke6 53. Ke2 Ke5 54. Kf3 Rc3 55. Kg2 Kxe4 56. Nf5 Kf4 57. Nh6 Rc7 58.
Ng8 Rf7 59. Nh6 Rf8 60. f3 Ra8 0-1

[Event "Late-Titled-Tuesday-Blitz-October-17-2023"]
[Site "Chess.com"]
[Date "2023.10.17"]
[Round "3"]
[White "GlavkonVVS"]
[Black "TigrVShlyape"]
[Result "1/2-1/2"]
[WhiteElo "2540"]
[BlackElo "2813"]
[TimeControl "180+1"]
[EndTime "14:29:39 PDT"]
[Termination "Game drawn - insufficient material"]

1. c4 f5 2. Nc3 Nf6 3. g3 g6 4. Bg2 Bg7 5. d3 e5 6. Nf3 d6 7. O-O O-O 8. Rb1 a5 9. a3 h6 10.
b4 axb4 11. axb4 g5 12. c5 Be6 13. Bxg5 hxg5 14. Nxg5 Qe7 15. Nxe6 Qxe6 16. Bxb7 Ra7 17. Bg2 dxc5 18. Nb5 Ra2 19. Nxc7 Qf7 20. Nb5 cxb4 21. Rxb4 Ra6 22. Rc4 Nbd7 23. Qc2 Rb6 24. Nc7 Rfb8 25. Rc1 Bh6 26. e3 Kg7 27. Rc6 Rxc6 28. Qxc6 Rb6 29. Qa8 f4 30. Nd5 Rb8 31. Qc6 fxe3 32. fxe3 Nxd5 33. Bxd5 Bxe3+ 34. Kh1 Qe7 35. Rf1 Nf6 36. Bc4 Rf8 37. Rf5 Nh7 38. Rxf8 Nxf8 39. Qd5 Qf6 40. Kg2 Nh7 41. h4 Qf2+ 42. Kh3 Qf1+ 43. Qg2 Qxg2+ 44.
Kxg2 Nf6 45. Kf3 Bd4 46. g4 Bc3 47. Be6 Bd2 48. Bf5 Be1 49. g5 Nd5 50. h5 Bd2 51.
h6+ Kh8 52. g6 Bxh6 53. Ke4 Ne7 54. Kxe5 Kg7 55. Ke6 Bg5 56. d4 Nc6 57. d5 Nd4+ 58.
Ke5 Bf6+ 59. Ke4 Nb5 60. Be6 Nd6+ 61. Kf4 Kxg6 62. Kg4 Be5 63. Kf3 Kg5 64. Ke3 Kf6 65.
Kf3 Bb2 66. Kf4 Bc1+ 67. Kf3 Ke5 68. Ke2 Nb5 69. Kd3 Bg5 70. Kc4 Nd6+ 71. Kd3 Bf6 72.
Ke3 Ne4 73. Kd3 Nc5+ 74. Ke2 Kf4 75. Kd2 Bd4 76. Ke2 Ke5 77. Kd2 Nxe6 78. dxe6 Kxe6 1/2-1/2

[Event "Late-Titled-Tuesday-Blitz-October-17-2023"]
[Site "Chess.com"]
[Date "2023.10.17"]
[Round "3"]
[White "micke12a"]
[Black "MikeSailer"]
[Result "1/2-1/2"]
[WhiteElo "2361"]
[BlackElo "2091"]
[TimeControl "180+1"]
[EndTime "14:29:39 PDT"]
[Termination "Game drawn by repetition"]

1. d4 g6 2. e4 Bg7 3. Nc3 c5 4. dxc5 Bxc3+ 5. bxc3 Qa5 6. Qd4 Nf6 7. Qb4 Qc7 8. Bd3 Na6 9. Bxa6 bxa6 10. Be3 Rb8 11.
Qc4 Bb7 12. f3 O-O 13. Ne2 Rfc8 14. Qd3 Bc6 15. Nd4 Ba4 16. Nb3 d6 17. cxd6 exd6 18.
Bd4 Bb5 19. Qe3 Ne8 20. h4 d5 21. exd5 Nd6 22. Kf2 Nf5 23. Qe5 Nxd4 24. Qxc7 Rxc7 25.
Nxd4 Rxc3 26. Rab1 Rd8 27. Nxb5 Rxc2+ 28. Kg3 axb5 29.
Rxb5 Rxa2 30. Rd1 Rd7 31. Kf4 Ra6 32. g4 f6 33. g5 Ra4+ 34. Kg3 fxg5 35. hxg5 Ra6 36.
Rd4 Kf7 37. Kf4 Ra3 38. Rb8 Rc3 39. Ra4 Rc5 40. d6 Rd5 41. Ra8 R5xd6 42. R8xa7 Ke6 43. Re4+ Kf7 44. Ra8 Rd4 45. Rxd4 Rxd4+ 46. Ke5 Rd7 47. f4 Kg7 48. Ra6 Rb7 49. Rd6 Rb5+ 50. Ke6 Rf5 51. Rd4 Rf8 52. Rd7+ Kg8 53. Re7 Rxf4 54. Re8+ Rf8 55.
Re7 Rf5 56. Re8+ Rf8 57. Re7 Rf5 58. Re8+ Rf8 1/2-1/2

[Event "Late-Titled-Tuesday-Blitz-October-17-2023"]
[Site "Chess.com"]
[Date "2023.10.17"]
[Round "3"]
[White "FabianoCaruana"]
[Black "eljanov"]
[Result "1-0"]
[WhiteElo "3091"]
[BlackElo "2828"]
[TimeControl "180+1"]
[EndTime "14:29:42 PDT"]
[Termination "FabianoCaruana won on time"]

1. e4 c6 2. Nf3 d5 3. Nc3 dxe4 4. Nxe4 Nf6 5. Qe2 Na6 6. Nxf6+ gxf6 7. a3 h5 8. g3 Nc7 9. Bg2 Bg4 10. h3 Bxf3 11. Bxf3 h4 12. d3 hxg3 13. fxg3 e6 14. Bd2 Qd6 15.
g4 Nd5 16. O-O-O Bh6 17. Bxh6 Rxh6 18. Kb1 O-O-O 19. h4 Nf4 20. Qe3 Qd4 21. Qd2 Rhh8 22. h5 Nd5 23. Rde1 Qf4 24. Qf2 f5 25. gxf5 Qxf5 26. Ref1 Kb8 27. Qe1 Qg5 28. Bxd5 Qxd5 29. Rxf7 Rxh5 30. Qg3+ Ka8 31. Re1 e5 32. Qg7 Rb8 33.
Re7 Rh1 34. Rxe5 Rxe1+ 35. Rxe1 a6 36. b3 Qc5 37. a4 Ka7 38. Re4 Rd8 39. Kb2 Qd5 40. Qc3 Rd7 41. a5 Qd6 42. Qc4 Qd5 43.
Qb4 Qb5 44. Qe1 Qd5 45. Qe3+ Ka8 46. b4 Rd8 47. Qb6 Qd6 48. Qc5 Qd7 49. Kb3 Qc7 50. Kb2 Qd6 51. Kc3 Qc7 52. Re7 Qd6 53. Qxd6 Rxd6 54.
Kc4 Rd5 55. d4 Ka7 56. Re5 Rd6 57. Kc5 Rd8 58. c4 Rc8 59. Re7 Rd8 60. d5 cxd5 61.
cxd5 Rc8+ 62. Kd6 Rc4 63. Ke6 Re4+ 64. Kf7 Rxb4 65. d6 Rd4 66. d7 1-0

[Event "Late-Titled-Tuesday-Blitz-October-17-2023"]
[Site "Chess.com"]
[Date "2023.10.17"]
[Round "3"]
[White "filipluczak05"]
[Black "stasOR4ik"]
[Result "1/2-1/2"]
[WhiteElo "2620"]
[BlackElo "2444"]
[TimeControl "180+1"]
[EndTime "14:29:43 PDT"]
[Termination "Game drawn by repetition"]

1. d4 d5 2. Nc3 Nf6 3. Bf4 a6 4. e3 c5 5. dxc5 Nc6 6. a3 e5 7. Bg5 d4 8. exd4 exd4 9. Ne4 Qe7 10. Bd3 Bf5 11. Bxf6 gxf6 12. Qe2 Bxe4 13. Bxe4 O-O-O 14. Bxc6 bxc6 15. O-O-O Qxc5 16. Qxa6+ Kc7 17. Nf3 Ra8 18. Qd3 Bh6+ 19. Kb1 Rhb8 20. Qxd4 Qxd4 21. Rxd4 Rxa3 22. Rhd1 Rb5 23. Rd7+ Kb6 24. Nd4 Rb4 25. c3 Rxc3 26. Rxf7 Bf4 27. Ne2 Rcb3 28. Nxf4 Rxb2+ 29. Ka1 Rxf2 30. Nd3 Ra4+ 31. Kb1 Rxg2 32. Rxf6 Ra3 33. Nc1 Rxh2 34. Rdd6 Rc3 35. Rh6 Rg2 36. Rd3 Rcc2 37. Rb3+ Kc5 38. Rxh7 Kc4 39. Rh4+ Kd5 40. Rhh3 c5 41. Rhd3+ Kc6 42.
Rdc3 Rcd2 43. Nd3 Rg1+ 44. Rc1 Rdd1 45. Rxd1 Rxd1+ 46. Nc1 c4 47. Rh3 Kc5 48. Kc2 Rg1 49. Rh5+ Kb4 50. Rh2 Rg3 51. Ne2 Ra3 52. Kb2 c3+ 53.
Kc2 Ra2+ 54. Kd3 Rd2+ 55. Ke3 Rd1 56. Rh4+ Kb3 57. Rh8 c2 58. Rb8+ Ka2 59. Rc8 Kb2 60. Rb8+ Ka2 61. Nc3+ Ka3 62. Ne2 Re1 63. Rc8 Kb2 64.
Rb8+ Ka2 65. Rc8 Kb2 66. Rb8+ Ka2 67. Rc8 Kb2 1/2-1/2

[Event "Late-Titled-Tuesday-Blitz-October-17-2023"]
[Site "Chess.com"]
[Date "2023.10.17"]
[Round "3"]
[White "ameetghasi100"]
[Black "mishanick"]
[Result "0-1"]
[WhiteElo "2789"]
[BlackElo "3031"]
[TimeControl "180+1"]
[EndTime "14:29:46 PDT"]
[Termination "mishanick won on time"]

1. Nf3 d5 2. g3 g6 3. Bg2 Bg7 4. d4 c6 5. O-O Nf6 6. Nbd2 O-O 7. c4 Bf5 8. b3 a5 9. a3 Re8 10. Bb2 Nbd7 11. Rc1 Ne4 12. e3 Nxd2 13. Nxd2 Nf6 14. Re1 h5 15. Qe2 Qb6 16. Bc3 Qa6 17.
h3 Qb6 18. a4 Rec8 19. f3 Bd7 20. g4 hxg4 21. hxg4 Qc7 22. g5 Nh5 23. f4 Ng3 24.
Qf2 Nf5 25. cxd5 cxd5 26. Bxd5 Bc6 27. Bb2 Qd7 28. Bxc6 bxc6 29. Ne4 Rab8 30. Nc5 Qd6 31. Rcd1 e6 32. e4 Ne7 33. Rd3 Rd8 34. Red1 Rb6 35.
Bc3 Ra8 36. Qd2 Rbb8 37. Bxa5 Rxa5 38. Qxa5 Qxf4 39. Qd2 Qd6 40. Qf2 Nc8 41. Rf1 Qe7 42. Qg3 Nd6 43. Qe3 Rd8 44. Kg2 Nc8 45. a5 Nd6 46. b4 Nb5 47. e5 Rb8 48. Ne4 Kf8 49.
Qf4 Rb7 50. a6 Ra7 51. Rdf3 Qxb4 52. Nc5 Kg8 53. Qe4 Nxd4 54. Nd3 Qd2+ 55. R1f2 Qc3 56. Rf4 Nf5 57. Qc4 Ne3+ 58. Kf3 Nxc4 59. Rxf7 Qxd3+ 60. Kg4 Ne3+ 61. Kh4 Rxf7 62. Rxf7 Kxf7 63. a7 Nf5+ 0-1

[Event "Late-Titled-Tuesday-Blitz-October-17-2023"]
[Site "Chess.com"]
[Date "2023.10.17"]
[Round "3"]
[White "GianmarcoVaR"]
[Black "Hrant_ChessMood"]
[Result "0-1"]
[WhiteElo "2700"]
[BlackElo "2929"]
[TimeControl "180+1"]
[EndTime "14:29:46 PDT"]
[Termination "Hrant_ChessMood won by resignation"]

1. d4 d5 2. Nf3 Nf6 3. c3 c5 4. dxc5 e6 5. b4 a5 6. e3 axb4 7. cxb4 b6 8. Bb5+ Bd7 9. Bxd7+ Nfxd7 10. a4 bxc5 11. b5 c4 12. O-O Nc5 13. Nc3 Be7 14. Ba3 O-O 15. Rb1 Re8 16. Qc2 Nbd7 17. Nd4 Bf6 18.
Nc6 Qc7 19. a5 Rxa5 20. Bxc5 Nxc5 21. Nxa5 Qxa5 22. Ne2 Rb8 23. Rfd1 g6 24. Nd4 Bxd4 25. Rxd4 Nb3 26. Rdd1 Qxb5 27. Qc3 Qb4 28. Qe5 Rd8 29. Qf6 Qd6 30. f4 Nc5 31. h4 Ne4 32. Qd4 Qc5 33. Qxe4 dxe4 34. Rxd8+ Kg7 35. Rd4 c3 36.
Rc1 c2 37. Kf2 Qc3 38. Ke2 f5 39. Rd2 e5 40. g3 exf4 41. gxf4 Qf6 42. h5 Qh4 43.
Rdxc2 Qxh5+ 44. Kd2 Qf3 45. Rc7+ Kh6 46. Re1 Qg2+ 47. Re2 Qh3 48. Kc3 Qg3 49. Kd4 Qg1 50.
Rcc2 Qa1+ 51. Kd5 Qa7 52. Rh2+ Kg7 53. Kd6 Qb6+ 54. Ke5 Qf6+ 55. Kd5 h5 56. Rc7+ Kh6 57. Rg2 Qd8+ 58. Kc6 Qd3 59. Rd7 Qc3+ 60. Kb7 Qb3+ 61. Kc8 Qxe3 62. Rd6 Qc3+ 63. Kd8 Qh8+ 64. Ke7 Qg7+ 65.
Ke6 e3 66. Kd5 Qf7+ 67. Kd4 Qe8 68.
Re2 Qe4+ 69. Kc5 Qxf4 70. Re6 Qc7+ 71. Kd5 f4 72. Rb6 Qxb6 0-1

[Event "Late-Titled-Tuesday-Blitz-October-17-2023"]
[Site "Chess.com"]
[Date "2023.10.17"]
[Round "3"]
[White "GoltsevDmitry2000"]
[Black "esskeettit"]
[Result "0-1"]
[WhiteElo "2655"]
[BlackElo "2502"]
[TimeControl "180+1"]
[EndTime "14:29:49 PDT"]
[Termination "esskeettit won by checkmate"]

1. e4 c5 2. Nf3 Nc6 3. d4 cxd4 4. Nxd4 g6 5. Nxc6 bxc6 6. Nc3 Bg7 7. Bc4 Nf6 8. O-O O-O 9. Bg5 d6 10. Qd2 Rb8 11.
Bb3 Be6 12. Rfd1 Qc7 13. h3 Rfd8 14. Qe3 Qa5 15. f4 Qb6 16. Qxb6 axb6 17. Bxe6 fxe6 18. e5 dxe5 19. fxe5 Rxd1+ 20. Rxd1 Nd5 21. Nxd5 exd5 22. Re1 e6 23. Be7 c5 24. a4 Bf8 25. Bd6 Bxd6 26. exd6 Kf7 27. Rf1+ Ke8 28. Rf6 Kd7 29. Rf7+ Kxd6 30.
Rxh7 b5 31. axb5 Rxb5 32. b3 c4 33. bxc4 dxc4 34. Rh4 Rc5 35. Rg4 g5 36. Kf2 Rf5+ 37. Ke3 Kc5 38. c3 Kd5 39. Rd4+ Kc5 40. Re4 Kd5 41.
Rg4 Kc5 42. g3 Kd5 43. Rd4+ Kc5 44. Rd8 Rf1 45. Rg8 Re1+ 46. Kf3 Re5 47. Kg4 Re3 48. Rxg5+ Kd6 49. Ra5 Rxc3 50. h4 Rc1 51. h5 Rh1 52. Kg5 c3 53. Ra2 Kd5 54. Re2 e5 55. h6 e4 56. Kg6 Kd4 57. g4 Kd3 58. Ra2 c2 59.
Ra3+ Kd2 60. Ra2 Kd1 61. Ra4 c1=Q 62. Rd4+ Ke2 63. Rxe4+ Kf3 64. Re5 Qc2+ 65. Rf5+ Kxg4 66. Kg7 Qxf5 67. h7 Qxh7+ 68. Kf8 Rf1+ 69. Ke8 Qf7+ 70. Kd8 Re1 71. Kc8 Re8# 0-1

[Event "Late-Titled-Tuesday-Blitz-October-17-2023"]
[Site "Chess.com"]
[Date "2023.10.17"]
[Round "3"]
[White "SchmakAttack"]
[Black "BogdanDeac"]
[Result "0-1"]
[WhiteElo "2741"]
[BlackElo "2993"]
[TimeControl "180+1"]
[EndTime "14:29:52 PDT"]
[Termination "BogdanDeac won on time"]

1. e4 c5 2. Nf3 e6 3. d4 cxd4 4. Nxd4 a6 5. c4 Nf6 6. Nc3 Bb4 7. Qd3 Qc7 8. Be2 Nc6 9. Nxc6 dxc6 10. O-O O-O 11. Bg5 Be7 12. Rad1 Ng4 13. Bxg4 Bxg5 14. c5 e5 15. Bf5 Be7 16. Qc4 g6 17. Bxc8 Raxc8 18. b4 a5 19. a3 axb4 20. axb4 Rcd8 21. g3 h5 22. Kg2 h4 23. Na4 Rxd1 24. Rxd1 Rd8 25.
Qe2 Qc8 26. Nb6 Qe6 27. Rxd8+ Bxd8 28. Nc4 h3+ 29. Kf1 Bc7 30. Qd3 Kf8 31. Ke2 f5 32. f3 Ke7 33. Ne3 f4 34. gxf4 exf4 35. Nc4 Qf6 36.
Qd1 Qc3 37. Qd3 Qxb4 38. Qd4 Qb5 39. Kd2 Ba5+ 40. Nxa5 Qxa5+ 41. Kc2 Qa2+ 42. Kc1 Qa3+ 43. Kc2 Qxf3 44. Qe5+ Kf7 45. Qc7+ Kf8 46. Qd8+ Kf7 47.
Qd7+ Kf6 48. Qd6+ Kg7 49. Qe7+ Kh6 50. Qh4+ Qh5 51. Qxf4+ Qg5 52. Qf8+ Kh5 53. Qh8+ Kg4 54. Qd4 Kf3 55. e5 Qf5+ 56. Kc3 Kg2 57. Qe3 Kxh2 58. e6 Qf6+ 59. Kc4 Kg2 60. e7 Qf7+ 61. Kc3 h2 62.
e8=Q Qxe8 63. Qxe8 h1=Q 64. Qxg6+ Kf2 65. Qf7+ Qf3+ 66. Qxf3+ Kxf3 67. Kd4 Kf4 68. Kd3 Ke5 69. Kc4 Ke4 70. Kc3 Kd5 71. Kb4 Kd4 0-1

[Event "Late-Titled-Tuesday-Blitz-October-17-2023"]
[Site "Chess.com"]
[Date "2023.10.17"]
[Round "3"]
[White "AlexPapasimakopoulos"]
[Black "Arash_Tahbaz"]
[Result "1-0"]
[WhiteElo "2694"]
[BlackElo "2896"]
[TimeControl "180+1"]
[EndTime "14:29:52 PDT"]
[Termination "AlexPapasimakopoulos won by resignation"]

1. d4 g6 2. e4 Bg7 3. c4 d6 4.
Nc3 e5 5. Nge2 exd4 6. Nxd4 Nc6 7. Be3 Nge7 8. h4 O-O 9. h5 f5 10. hxg6 hxg6 11. exf5 Nxf5 12. Nxf5 Bxf5 13. c5 Re8 14. Bc4+ Kf8 15. cxd6 Qxd6 16. Qxd6+ cxd6 17. O-O-O Ne5 18. Be2 Nf7 19. Bd4 Rac8 20. Bxg7+ Kxg7 21. Bd3 Bxd3 22. Rxd3 b5 23. Kb1 b4 24. Nb5 Re2 25.
Nxa7 Rcc2 26. Rb3 Ne5 27. f4 Nc4 28. Rxb4 Rxb2+ 29. Rxb2 Rxb2+ 30. Ka1 Rxg2 31. Nb5 Rf2 32. Rd1 Rxf4 33. Nxd6 Ne3 34. Rd3 Rf3 35. Kb1 g5 36.
Rxe3 Rf1+ 37. Kb2 Kg6 38. a4 g4 39. a5 Rf6 40. Rd3 Rf4 41. Kb3 Rf1 42. Kb4 Ra1 43. Kb5 Kg5 44. Ne4+ Kf4 45. Ng3 Rb1+ 46. Kc6 Rc1+ 47.
Kb7 Rb1+ 48. Ka7 Rg1 49. a6 Ra1 50. Kb7 Rb1+ 51. Ka8 Ra1 52. a7 Rb1 53. Ne2+ Kg5 54. Rd7 Rb2 55. Ng3 Kf4 56. Nh5+ Kg5 57. Rb7 Re2 58.
Rb5+ Kh4 59. Kb7 Re7+ 60. Ka6 Re6+ 61. Rb6 Re1 62. Rb5 Re6+ 63. Ka5 Re1 64. Nf4 Ra1+ 65. Kb6 g3 66. Ra5 Rb1+ 67. Ka6 g2 68. Nxg2+ Kg3 69.
a8=Q Rb8 70. Qxb8+ 1-0

[Event "Late-Titled-Tuesday-Blitz-October-17-2023"]
[Site "Chess.com"]
[Date "2023.10.17"]
[Round "3"]
[White "DvaHrasta"]
[Black "KChor05TTV"]
[Result "1-0"]
[WhiteElo "2499"]
[BlackElo "2653"]
[TimeControl "180+1"]
[EndTime "14:30:00 PDT"]
[Termination "DvaHrasta won by resignation"]

1. c4 Nf6 2. g3 g6 3. Bg2 Bg7 4.
Nc3 O-O 5. Nf3 d6 6. O-O Nc6 7. Rb1 a5 8. a3 e5 9. b4 axb4 10. axb4 e4 11. Ng5 Ne5 12. Qb3 Bf5 13. Ngxe4 Nxe4 14. Nxe4 Qd7 15. d3 Rfe8 16. Bb2 Bh3 17. Ra1 Rxa1 18.
Rxa1 Qg4 19. Qc2 Qh5 20. f3 f5 21. Nf2 Bxg2 22. Kxg2 Bh6 23. Bxe5 Rxe5 24. Ra8+ Kf7 25.
e4 fxe4 26. dxe4 Re7 27. Qd3 Qe5 28. Qd5+ Qxd5 29. cxd5 Bd2 30. Nd3 c6 31. dxc6 bxc6 32. Rc8 d5 33. Rxc6 dxe4 34. fxe4 Rxe4 35. Rc7+ Kf6 36. Rxh7 Bxb4 37. Rb7 Bd6 38. Rb6 Rd4 39. Nf2 Rd2 40. Kf3 Ke7 41. Ne4 Bc7 42. Rxg6 Rxh2 43.
Rg7+ Kd8 44. Nc5 Be5 45. Ne6+ Ke8 46. Rg5 Bf6 47. Rg6 Kf7 48. Nf4 Rh1 49. Rg4 Rf1+ 50.
Ke4 Ra1 51. Nd5 Ra4+ 52. Kf5 Ra5 53. Ke4 Bg7 54. Rf4+ Ke6 55. Ne3 Be5 56. Rg4 Ra4+ 57. Kf3 Ra3 58. Rg6+ Kf7 59. Rg4 Kf6 60. Re4 Bb8 61.
g4 Ba7 62. Kf4 Bb8+ 63. Kf3 Kg5 64. Re8 Ba7 65. Re5+ Kg6 66. Re6+ Kg5 67. Re5+ Kf6 68. Re4 Bc5 69. Kf4 Bd6+ 70. Kf3 Kg5 71. Re6 Bc5 72.
Re5+ Kf6 73. Rxc5 Rd3 74. Rf5+ Ke6 75. Rf4 Rd8 76. g5 Ke5 77. Rf5+ Ke6 78. Kg4 Rd4+ 79. Kh5 Rd3 80. Rf3 Rd2 81. Kg6 Rf2 82. Rxf2 Ke5 83.
Kh7 Ke4 84. g6 Kxe3 85. g7 Kxf2 86. g8=Q Ke2 87. Qg6 Ke1 88. Qg5 Kd1 89. Qf4 Kc2 90.
Qe3 Kb1 91. Qd2 Ka1 92. Kg6 Kb1 93. Kf5 Ka1 94. Ke4 Kb1 95. Kd4 1-0

[Event "Late-Titled-Tuesday-Blitz-October-17-2023"]
[Site "Chess.com"]
[Date "2023.10.17"]
[Round "3"]
[White "NowInChess"]
[Black "Rumpel-VK"]
[Result "1-0"]
[WhiteElo "2251"]
[BlackElo "2477"]
[TimeControl "180+1"]
[EndTime "14:30:00 PDT"]
[Termination "NowInChess won on time"]

1. e4 c5 2. d3 Nc6 3. g3 e6 4. Bg2 d5 5. Nd2 Nf6 6. Ngf3 Be7 7. O-O O-O 8. e5 Nd7 9. Re1 Qc7 10. Qe2 b5 11. Nf1 Bb7 12. Bf4 Rfe8 13. h4 d4 14. N1h2 Nf8 15. h5 Nb4 16. Ng4 Nd5 17. Bd2 c4 18. dxc4 Qxc4 19. Qxc4 bxc4 20. Nxd4 Bc5 21. c3 h6 22. Ne3 Rac8 23. Nxd5 Bxd5 24. f4 Red8 25. Be3 Rb8 26. Re2 Bxg2 27. Kxg2 Rd5 28.
Rb1 Nd7 29. Nf3 Rd8 30. Kf2 Bxe3+ 31. Kxe3 Nc5 32. Ne1 Nd3 33. Nxd3 Rxd3+ 34. Kf2 Kf8 35. Rbe1 Ke7 36. Re3 Rd2+ 37. R1e2 Rd1 38. Re1 R1d2+ 39. R1e2 R2d5 40. g4 a5 41. Re4 Rc8 42. Rd4 Rxd4 43.
cxd4 Kd7 44. Ke3 Kc6 45. Rc2 Kd5 46. b3 c3 47. Kd3 Rc7 48. Rxc3 Rxc3+ 49. Kxc3 Ke4 50.
Kc4 Kxf4 51. a3 g5 52. b4 axb4 53. axb4 Kxg4 54. b5 Kh3 55. b6 g4 56. b7 g3 57.
b8=Q g2 58. Qg8 Kh2 59. d5 exd5+ 60. Kxd5 g1=Q 61. Qxg1+ Kxg1 62. Kd6 Kf2 63. Ke7 Kf3 64. Kxf7 Kf4 65. e6 Kg5 66. Kg7 Kxh5 67. e7 Kg5 68. e8=Q 1-0

[Event "Late-Titled-Tuesday-Blitz-October-17-2023"]
[Site "Chess.com"]
[Date "2023.10.17"]
[Round "3"]
[White "Mariia89"]
[Black "VdovinDmitry"]
[Result "1-0"]
[WhiteElo "2103"]
[BlackElo "2202"]
[TimeControl "180+1"]
[EndTime "14:30:01 PDT"]
[Termination "Mariia89 won on time"]

1. d4 d5 2. c4 c6 3. e3 Nf6 4.
Nc3 Bf5 5. Nf3 e6 6. Nh4 Bg4 7. Qb3 Qb6 8. h3 Bh5 9. g4 Bg6 10. Nxg6 hxg6 11. Bg2 Be7 12. c5 Qc7 13. Bd2 Nbd7 14.
f4 O-O 15. Qc2 b6 16. cxb6 axb6 17. Bf3 c5 18. Ne2 Rfe8 19. h4 Bf8 20. h5 Nh7 21.
hxg6 fxg6 22. Qxg6 Ndf6 23. g5 Qf7 24. Qxf7+ Kxf7 25. gxf6 Nxf6 26. Bh5+ g6 27. Bf3 c4 28. Kf2 b5 29. a3 Bd6 30. Rag1 Reb8 31. Rh6 Rg8 32. Bc3 b4 33. axb4 Ra4 34. Rgh1 Bxb4 35. Rh8 Bxc3 36. Nxc3 Rb4 37. Nd1 Rgb8 38. Rxb8 Rxb8 39.
Ke2 Rb3 40. Kd2 Rb7 41. Kc2 Kg7 42. Nc3 Ne8 43. Rg1 Nd6 44. Bh5 Kh6 45. Bf3 Nf5 46. Re1 Kg7 47. Kc1 Kf6 48. Bg4 Nd6 49. Rg1 Rh7 50. Be2 Rh2 51. Bd1 Nf5 52. Re1 Rh3 53.
Kd2 Rh2+ 54. Re2 Rh1 55. Bc2 Ng3 56. Rg2 Nf5 57. Bxf5 gxf5 58. Nd1 Rf1 59. Rf2 Rg1 60. Rh2 Rh1 61. Rxh1 1-0